 Dungeon Crawl Stone Soup version 0.31-a0-354-g827e0957a7 (webtiles) character file.

Game seed: 5709147451229408114

1087 cforsyth the Charlatan (level 8, -4/60 HPs)
             Began as a Gnoll Artificer on July 23, 2023.
             Killed from afar by a steam dragon (25 damage)
             ... with a ball of steam
             ... on level 7 of the Dungeon.
             The game lasted 00:10:17 (5198 turns).

cforsyth the Charlatan (Gnoll Artificer)            Turns: 5198, Time: 00:10:18

Health: -4/60      AC:  5    Str: 17    XL:     8   Next: 30%
Magic:  10/12      EV: 13    Int: 13    God:
Gold:   258        SH:  0    Dex: 13    Spells: 11/13 levels left

rFire   . . .        s - +0 flail
rCold   . . .        (no shield)
rNeg    . . .        b - +0 leather armour
rPois   .            (no helmet)
rElec   .            (no cloak)
rCorr   .            r - +0 pair of gloves
SInv    .            (no boots)
Will    .....        g - amulet of regeneration
Stlth   ++           j - ring of wizardry
HPRegen 1.10/turn    q - +6 ring of strength
MPRegen 0.13/turn

%: wizardry (x1)
@: no status effects
A: fangs 1, strong nose, distributed training
a: no special abilities


You were on level 7 of the Dungeon.
You visited 1 branch of the dungeon, and saw 7 of its levels.

You collected 258 gold pieces.

Inventory:

Hand Weapons
 a - a +0 club
 s - a +0 flail (weapon)
Armour
 b - a +0 leather armour (worn)
 r - a +0 pair of gloves (worn)
 w - a +0 kite shield
Jewellery
 g - an amulet of regeneration (around neck)
 j - a ring of wizardry (left hand)
 q - a +6 ring of strength (right hand)
 x - a ring of see invisible
 y - a ring of magical power
Talismans
 n - a beast talisman
Wands
 c - a wand of flame (8) (quivered)
 d - a wand of charming (15)
 e - a wand of iceblast (2)
Scrolls
 i - 4 scrolls of identify {unknown}
 l - 2 scrolls of blinking {unknown}
 o - a scroll of noise {unknown}
 p - 2 scrolls of immolation {unknown}
Potions
 f - 2 potions of heal wounds {unknown}
 h - 3 potions of invisibility {unknown}
 k - 6 potions of curing
 m - 3 potions of lignification {unknown}
 t - a potion of ambrosia {unknown}
 u - a potion of degeneration {unknown}
 v - a potion of mutation {unknown}


   Skills:
 + Level 4.1 Fighting
 + Level 3.2 Short Blades
 + Level 3.2 Long Blades
 + Level 3.2 Axes
 + Level 3.2 Maces & Flails
 + Level 3.2 Polearms
 + Level 3.2 Staves
 + Level 3.2 Ranged Weapons
 + Level 3.2 Throwing
 + Level 5.6 Armour
 + Level 4.1 Dodging
 + Level 4.0 Stealth
 + Level 3.2 Shields
 + Level 3.2 Unarmed Combat
 + Level 3.2 Spellcasting
 + Level 2.6 Conjurations
 + Level 2.6 Hexes
 + Level 2.6 Summonings
 + Level 2.6 Necromancy
 + Level 2.6 Translocations
 + Level 2.6 Transmutations
 + Level 2.6 Fire Magic
 + Level 2.6 Ice Magic
 + Level 2.6 Air Magic
 + Level 2.6 Earth Magic
 + Level 2.6 Poison Magic
 + Level 3.5 Invocations
 + Level 7.3 Evocations
 + Level 2.6 Shapeshifting


You had 11 spell levels left.
You knew the following spells:

 Your Spells              Type           Power      Damage    Failure   Level
b - Call Imp              Summ           16%        N/A       6%          2

Your spell library contained the following spells:

 Spells                   Type           Power      Damage    Failure   Level
 Magic Dart               Conj           32%        1d4       3%          1
 Cigotuvi's Dreadful Rot  Necr/Pois/Air  16%        N/A       6%          2
 Ignite Poison            Fire/Tmut/Pois 8%         N/A       11%         3
 Mephitic Cloud           Conj/Pois/Air  8%         N/A       11%         3
 Ozocubu's Armour         Ice            8%         N/A       11%         3
 Portal Projectile        Hex/Tloc       16%        N/A       11%         3
 Tukima's Dance           Hex            8%         N/A       11%         3
 Iskenderun's Mystic Bla  Conj/Tloc      8%         2d4       32%         4
 Leda's Liquefaction      Hex/Erth       4%         N/A       32%         4
 Lee's Rapid Deconstruct  Erth           4%         3d5*      65%         5
 Metabolic Englaciation   Hex/Ice        4%         N/A       65%         5
 Summon Mana Viper        Hex/Summ       8%         N/A       65%         5
 Leda's Unmaking          Conj/Erth      4%         9d2       99%         6
 Simulacrum               Ice/Necr       4%         N/A       99%         6


Dungeon Overview and Level Annotations

Branches:
Dungeon (7/15)
 Temple: D:4-7

Altars:
Cheibriados
Gozag
Ru

Shops:
D:3 *   D:6 **

Annotations:
D:4 1 runed translucent door, Crazy Yiuf


Innate Abilities, Weirdness & Mutations

You have very sharp teeth.
Your uncanny sense of smell can sniff out nearby items.
Your experience applies equally to all skills.


Message History

The steam dragon claws you but does no damage.
The shadow imp hits you. The hound bites you.
* * * LOW HITPOINT WARNING * * *
You closely miss the steam dragon.
The steam dragon is heavily wounded.
The hound misses you. The steam dragon bites you.
* * * LOW HITPOINT WARNING * * *
The steam dragon claws you but does no damage.
The shadow imp hits you but does no damage.
Your cerulean imp hits the hound with a -4 spear.
The shadow imp attacks as you move away!
The shadow imp closely misses you.
The steam dragon attacks as you move away!
The steam dragon bites you.
* * * LOW HITPOINT WARNING * * *
The steam dragon claws you.
* * * LOW HITPOINT WARNING * * *
The hound misses you.
Your cerulean imp closely misses the hound.
Unknown command.
It was a potion of curing.
You feel better. The hound bites you but does no damage.
The shadow imp barely misses your cerulean imp.
The steam dragon bites you.
* * * LOW HITPOINT WARNING * * *
The steam dragon barely misses you.
Your cerulean imp closely misses the hound.
You feel better. The hound bites you but does no damage.
The steam dragon bites you. The steam dragon closely misses you.
The shadow imp grins evilly.
The shadow imp closely misses your cerulean imp.
The hound closely misses you.
Your cerulean imp hits the hound but does no damage.
The hound attacks as you move away! The hound bites you but does no damage.
The centaur completely misses your cerulean imp.
The centaur kicks your cerulean imp.
The shadow imp barely misses your cerulean imp.
The steam dragon breathes steam at you. The ball of steam hits you!!
You die...

### #..
#.#
####.####
#.......#
#.......#
#..@....#
#..h§...#
#..5.D..#
#..c5...#
#.......#
####.####
... ....
....


You could see a steam dragon (catching breath), a centaur (ally target), a
hound, a shadow imp and a friendly cerulean imp (summoned).

Vanquished Creatures
  A hornet (D:4)
  An ogre (D:4)
  A phantom (D:5)
  A bullfrog (D:6)
  A scorpion (D:5)
  2 jellies (D:6)
  An orc priest (D:4)
  A gnoll bouda (D:6)
  3 hounds (D:5)
  3 iguanas
  An orc wizard (D:4)
  3 adders
  2 shadow imps
  An ufetubus (D:5)
  3 worms
  4 dart slugs
  10 orcs
  6 endoplasms
  4 giant cockroaches
  4 goblins
  7 hobgoblins
  4 jackals (D:2)
  2 quokkas
  4 ball pythons
  3 bats
  4 frilled lizards
  3 kobolds
  4 rats
84 creatures vanquished.

Vanquished Creatures (collateral kills)
  A black bear (D:6)
  A scorpion (D:5)
  An ufetubus (D:5)
3 creatures vanquished.

Grand Total: 87 creatures vanquished

Notes
Turn   | Place    | Note
-------+----------+-------------------------------------------
     0 | D:1      | cforsyth the Gnoll Artificer began the quest for the Orb.
     0 | D:1      | Reached XP level 1. HP: 17/17 MP: 1/1
   219 | D:1      | Reached XP level 2. HP: 23/23 MP: 2/2
   842 | D:2      | Reached XP level 3. HP: 25/28 MP: 3/3
   918 | D:2      | Reached skill level 1 in Invocations
  1140 | D:2      | Reached skill level 1 in Short Blades
  1140 | D:2      | Reached skill level 1 in Long Blades
  1140 | D:2      | Reached skill level 1 in Axes
  1140 | D:2      | Reached skill level 1 in Maces & Flails
  1140 | D:2      | Reached skill level 1 in Polearms
  1140 | D:2      | Reached skill level 1 in Staves
  1140 | D:2      | Reached skill level 1 in Ranged Weapons
  1140 | D:2      | Reached skill level 1 in Throwing
  1140 | D:2      | Reached skill level 1 in Shields
  1140 | D:2      | Reached skill level 1 in Unarmed Combat
  1140 | D:2      | Reached skill level 1 in Spellcasting
  1396 | D:3      | Got Nuycrufa's Codex of Rancid Formation
  1403 | D:3      | Found an opulent altar of Gozag.
  1473 | D:3      | Reached XP level 4. HP: 34/34 MP: 5/5
  1529 | D:3      | Found a sacrificial altar of Ru.
  1586 | D:3      | Found a snail-covered altar of Cheibriados.
  1945 | D:3      | Found Gozag's Platinum Reserve.
  2436 | D:4      | Reached skill level 1 in Conjurations
  2436 | D:4      | Reached skill level 1 in Hexes
  2436 | D:4      | Reached skill level 1 in Summonings
  2436 | D:4      | Reached skill level 1 in Necromancy
  2436 | D:4      | Reached skill level 1 in Translocations
  2436 | D:4      | Reached skill level 1 in Transmutations
  2436 | D:4      | Reached skill level 1 in Fire Magic
  2436 | D:4      | Reached skill level 1 in Ice Magic
  2436 | D:4      | Reached skill level 1 in Air Magic
  2436 | D:4      | Reached skill level 1 in Earth Magic
  2436 | D:4      | Reached skill level 1 in Poison Magic
  2436 | D:4      | Reached skill level 1 in Shapeshifting
  3089 | D:4      | Reached XP level 5. HP: 39/40 MP: 5/7
  3177 | D:4      | Noticed an ogre
  3182 | D:4      | Killed an ogre
  3183 | D:4      | Reached XP level 6. HP: 47/47 MP: 8/8
  3417 | D:4      | Reached skill level 5 in Armour
  3421 | D:4      | Noticed a hornet
  3444 | D:4      | Killed a hornet
  3445 | D:4      | Reached skill level 7 in Evocations
  3445 | D:4      | Reached XP level 7. HP: 52/52 MP: 8/10
  3810 | D:4      | Found a runed translucent door.
  3811 | D:4      | Noticed Crazy Yiuf
  3953 | D:5      | Entered Level 5 of the Dungeon
  4194 | D:5      | Learned a level 2 spell: Call Imp
  4472 | D:5      | Identified the +2 pair of boots of Devotion {*Slow rF+
                  | SInv}
  4775 | D:6      | Found Yruempin's General Store.
  4777 | D:6      | Found Nyexof's Specific Store.
  4800 | D:6      | Reached XP level 8. HP: 37/60 MP: 8/12
  5198 | D:7      | Killed from afar by a steam dragon

Illustrated notes

Levels and vault maps discovered:
D:1:      dpeg_arrival_shrine, layout_basic, minmay_box_of_dots
D:2:      layout_rooms
D:3:      layout_basic, mainiacjoe_overflow_cross_hatched,
          nicolae_gozag_zags_fifth_avenue, mainiacjoe_overflow_surrounded_room,
          serial_bayou_pond_c
D:4:      layout_basic, nicolae_overflow_hidden_temple,
          hangedman_decor_slide_cut, uniq_crazy_yiuf_cottage
D:5:      layout_loops_ring, hex_medium
D:6:      kennysheep_big_flooded_room, layout_cave_pods, temple_pool_b,
          nicolae_specific_store, st_stairs_11
D:7:      layout_loops_ring, st_stairs_10, uniq_menkaure

Skill      XL: |  1  2  3  4  5  6  7  8 |
---------------+-------------------------+-----
Invocations    | 1 2 3 |  3.5
Short Blades   | 1 2 3 |  3.2
Long Blades    | 1 2 3 |  3.2
Axes           | 1 2 3 |  3.2
Maces & Flails | 1 2 3 |  3.2
Polearms       | 1 2 3 |  3.2
Staves         | 1 2 3 |  3.2
Ranged Weapons | 1 2 3 |  3.2
Throwing       | 1 2 3 |  3.2
Shields        | 1 2 3 |  3.2
Unarmed Combat | 1 2 3 |  3.2
Spellcasting   | 1 2 3 |  3.2
Conjurations   | 1 2 |  2.6
Hexes          | 1 2 |  2.6
Summonings     | 1 2 |  2.6
Necromancy     | 1 2 |  2.6
Translocations | 1 2 |  2.6
Transmutations | 1 2 |  2.6
Fire Magic     | 1 2 |  2.6
Ice Magic      | 1 2 |  2.6
Air Magic      | 1 2 |  2.6
Earth Magic    | 1 2 |  2.6
Poison Magic   | 1 2 |  2.6
Shapeshifting  | 1 2 |  2.6
Fighting       | 3 4 |  4.1
Dodging        | 3 4 |  4.1
Stealth        | 3 4 |  4.0
Armour         | 5 |  5.6
Evocations     | 7 |  7.3

Action                     |  1- 3 |  4- 6 |  7- 9 || total
---------------------------+-------+-------+-------++-------
  Melee: Club              |   216 |    79 |       ||   295
         Bite              |    24 |    19 |     9 ||    52
         Punch             |     4 |     4 |     1 ||     9
         Unarmed           |       |    25 |       ||    25
         Flail             |       |    33 |   131 ||   164
   Cast: Call Imp          |       |       |    16 ||    16
  Evoke: Wand              |       |    10 |       ||    10
    Use: Potion            |       |       |     2 ||     2
   Stab: Sleeping          |     6 |     1 |     2 ||     9
 Armour: Leather armour    |    57 |    29 |    52 ||   138
  Dodge: Dodged            |   186 |    78 |   127 ||   391
   Form: Beast             |     1 |     1 |       ||     2
                           |       |     2 |       ||     2

Table legend: (Time is in decaauts)
 A = Elapsed time spent in this place.
 B = Non-inter-level travel time spent in this place.
 C = Inter-level travel time spent in this place.
 D = Time resting spent in this place.
 E = Time spent auto-exploring this place.
 F = Levels seen in this place.
 G = Mean time per level.
                   A        B        C        D        E       F      G
               +--------+--------+--------+--------+--------+-----+--------+
         Total |   5321 |   5092 |    229 |    668 |   3225 |   7 |  760.1 |
       Dungeon |   5321 |   5092 |    229 |    668 |   3225 |   7 |  760.1 |
               +--------+--------+--------+--------+--------+-----+--------+

Top non-repeatable levels by time:
     D:4: 1301 daAuts
     D:3: 1252 daAuts
     D:5: 898 daAuts
     D:1: 809 daAuts
     D:2: 681 daAuts
     D:6: 363 daAuts
     D:7: 16 daAuts
